 Dungeon Crawl Stone Soup version 0.28-a0-577-gb193047a1f (webtiles) character file.

Game seed: 6706705658389993068

250 timneilson the Shield-Bearer (level 6, 0/38 HPs)
             Began as a Gargoyle Fighter on Oct 2, 2021.
             Slain by Grinder (5 damage)
             ... while paralysed by Grinder
             ... on level 3 of the Dungeon.
             The game lasted 00:03:03 (2483 turns).

timneilson the Shield-Bearer (Gargoyle Fighter)     Turns: 2483, Time: 00:03:03

Health: 0/38       AC: 15    Str: 21    XL:     6   Next: 13%
Magic:  6/6        EV:  2    Int:  9    God:
Gold:   27         SH:  0    Dex:  9    Spells: 5/5 levels left

rFire   . . .      SeeInvis .   a - +0 long sword
rCold   . . .      Faith    .   c - +0 buckler
rNeg    + . .      Spirit   .   b - +0 scale mail
rPois   ∞          Reflect  .   e - +0 helmet
rElec   +          Harm     .   m - +0 cloak
rCorr   .          Rampage  .   l - +0 pair of gloves
Will    .....                   (no boots)
Stlth   ..........              (no amulet)
HPRegen 0.12/turn               (no ring)
MPRegen 0.10/turn               (no ring)

@: paralysed
A: sickness immunity, AC +4, negative energy resistance 1, electricity
resistance, torment resistance 1, petrification resistance
a: no special abilities


You were on level 3 of the Dungeon.
You visited 1 branch of the dungeon, and saw 3 of its levels.

You collected 27 gold pieces.

Inventory:

Hand Weapons
 a - a +0 long sword (weapon)
Armour
 b - a +0 scale mail (worn)
 c - a +0 buckler (worn)
 e - a +0 helmet (worn)
 l - a +0 pair of gloves (worn)
 m - a +0 cloak (worn)
Jewellery
 i - a ring of flight
Scrolls
 j - 2 scrolls of identify {unknown}
Potions
 d - a potion of might
 f - a potion of brilliance {unknown}
 g - a potion of cancellation {unknown}
 h - a potion of invisibility {unknown}


   Skills:
 + Level 3.9 Fighting
 * Level 3.2 Long Blades
 * Level 4.6 Armour
 + Level 1.3 Dodging
 * Level 4.6 Shields


You had 5 spell levels left.
You didn't know any spells.
Your spell library contained the following spells:

 Spells                   Type           Power      Damage    Failure   Level
 Sting                    Tmut/Pois      0%         1d3       71%         1
 Wereblood                Tmut           0%         N/A       85%         2
 Olgreb's Toxic Radiance  Pois           0%         N/A       100%        4
 Fireball                 Conj/Fire      0%         3d3       100%        5
 Starburst                Conj/Fire      0%         6d3       100%        6
 Dragon Form              Tmut           0%         N/A       100%        7
 Ignition                 Fire           0%         3d3       100%        8


Dungeon Overview and Level Annotations

Branches:
Dungeon (3/15)

Altars:
Qazlal

Annotations:
D:3 Grinder


Innate Abilities, Weirdness & Mutations

You are immune to sickness and miasma.
Your stone body is resilient. (AC +4)
You are immune to poison.
You resist negative energy. (rN+)
You are resistant to electric shocks. (rElec)
You are resistant to unholy torment.
You are immune to petrification.


Message History

Grinder gestures at you. Pain shoots through your body!
You barely miss Grinder.
Grinder is heavily wounded.
You block Grinder's attack.
You closely miss Grinder.
Grinder is heavily wounded.
Grinder closely misses you.
You barely miss Grinder.
Grinder is moderately wounded.
You block the giant cockroach's attack. Grinder hits you but does no damage.
You hit Grinder.
Grinder is heavily wounded.
The giant cockroach closely misses you. Grinder hits you.
You block the giant cockroach's attack. Grinder gestures at you.
Pain shoots through your body!
* * * LOW HITPOINT WARNING * * *
You barely miss Grinder.
Grinder is heavily wounded.
The giant cockroach closely misses you. Grinder hits you.
* * * LOW HITPOINT WARNING * * *
You writhe in agony.
* * * LOW HITPOINT WARNING * * *
You hit Grinder.
Grinder is heavily wounded.
The giant cockroach misses you. Grinder gestures at you.
You suddenly lose the ability to move!
The giant cockroach bites you but does no damage.
Grinder says, "I used to sell toenails on the black market."
Grinder hits you but does no damage.
The giant cockroach bites you but does no damage.
The giant cockroach barely misses you. Grinder gestures at you.
You resist with significant effort. The giant cockroach barely misses you.
Grinder hits you but does no damage.
The giant cockroach bites you but does no damage.
Grinder hits you.
You die...

.#...#.........#
........##.###.#
.#...#..##.# #.#
........##.###.#
######.........####
##.##.###....# #
#..†....[...###...
####.##...........
.# #.##...@B......
.# #.##...5...##..
## #........###
######...# #####


You could see Grinder and a giant cockroach.

Vanquished Creatures
  An ice beast (D:3)
  Crazy Yiuf (D:2)
  An iguana (D:2)
  An orc wizard (D:3)
  4 adders
  6 orcs (D:3)
  4 ball pythons
  3 bats
  6 endoplasms
  3 giant cockroaches (D:1)
  A goblin (D:1)
  3 hobgoblins (D:1)
  A quokka (D:2)
  A frilled lizard (D:2)
  A kobold (D:1)
  9 rats
46 creatures vanquished.

Notes
Turn   | Place    | Note
-------+----------+-------------------------------------------
     0 | D:1      | timneilson the Gargoyle Fighter began the quest for the
                  | Orb.
     0 | D:1      | Reached XP level 1. HP: 14/14 MP: 1/1
   192 | D:1      | Reached XP level 2. HP: 16/19 MP: 2/2
   264 | D:1      | Found a faded altar of an unknown god.
   613 | D:1      | Reached XP level 3. HP: 22/23 MP: 3/3
  1025 | D:2      | Found a runed translucent door.
  1026 | D:2      | Noticed Crazy Yiuf
  1199 | D:2      | Reached XP level 4. HP: 25/28 MP: 4/4
  1278 | D:2      | Got the Reference Book on Mutagenic Envenoming
  1672 | D:2      | Killed Crazy Yiuf
  1992 | D:3      | Reached skill level 1 in Dodging
  1992 | D:3      | Reached XP level 5. HP: 33/33 MP: 5/5
  2391 | D:3      | Found a stormy altar of Qazlal.
  2408 | D:3      | Noticed an ice beast
  2424 | D:3      | Killed an ice beast
  2425 | D:3      | Reached XP level 6. HP: 36/38 MP: 6/6
  2438 | D:3      | Noticed Grinder
  2441 | D:3      | Paralysed by Grinder for 5 turns
  2450 | D:3      | Paralysed by Grinder for 3 turns
  2462 | D:3      | Paralysed by Grinder for 7 turns
  2479 | D:3      | Paralysed by Grinder for 7 turns
  2483 | D:3      | Slain by Grinder

Illustrated notes

Levels and vault maps discovered:
D:1:      minmay_arrival_hallway, layout_basic, basic_ecumenical_altar
D:2:      layout_basic, mrwooster_statue_mirror, uniq_crazy_yiuf_cottage
D:3:      layout_loops_corners, lemuel_coloured_pillars_altar, uniq_grinder

Skill      XL: |  1  2  3  4  5 |
---------------+----------------+-----
Long Blades    | 2 3 |  3.2
Armour         | 4 |  4.6
Shields        | 4 |  4.6
Dodging        | 1 |  1.3
Fighting       | |  3.9

Action                   |  1- 3 |  4- 6 || total
-------------------------+-------+-------++-------
Melee: Long sword        |    94 |   103 ||   197
  Use: Scroll            |     1 |     2 ||     3
       Potion            |       |     1 ||     1
Armor: Scale mail        |    49 |    62 ||   111
Dodge: Dodged            |    56 |    52 ||   108
Block: Buckler           |    17 |    23 ||    40

Table legend: (Time is in decaauts)
 A = Elapsed time spent in this place.
 B = Non-inter-level travel time spent in this place.
 C = Inter-level travel time spent in this place.
 D = Time resting spent in this place.
 E = Time spent auto-exploring this place.
 F = Levels seen in this place.
 G = Mean time per level.
                   A        B        C        D        E       F      G
               +--------+--------+--------+--------+--------+-----+--------+
         Total |   2537 |   2513 |     24 |      0 |   2046 |   3 |  845.7 |
       Dungeon |   2537 |   2513 |     24 |      0 |   2046 |   3 |  845.7 |
               +--------+--------+--------+--------+--------+-----+--------+

Top non-repeatable levels by time:
     D:2: 1066 daAuts
     D:3: 745 daAuts
     D:1: 726 daAuts
